 Dungeon Crawl Stone Soup version 0.21.1-1-g345015f (webtiles) character file.

66 Fortress the Cudgeler (level 3, -1/36 HPs)
             Began as a Troll Fighter on June 13, 2018.
             Slain by a quokka (2 damage)
             ... on level 3 of the Dungeon.
             The game lasted 00:08:23 (999 turns).

Fortress the Cudgeler (Troll Fighter)                Turns: 999, Time: 00:08:24

Health: -1/36      AC:  5    Str: 24    XL:     3   Next: 96%
Magic:  2/2        EV:  8    Int:  4    God:
Gold:   78         SH:  8    Dex: 10    Spells: 2/2 levels left

rFire    . . .     SeeInvis .   a - +0 flail
rCold    . . .     Gourm    +   c - +0 shield
rNeg     . . .     Faith    .   b - +0 robe
rPois    .         Spirit   .   (helmet restricted)
rElec    .         Reflect  .   (no cloak)
rCorr    .         Harm     .   (gloves unavailable)
MR       .....                  (boots unavailable)
Stlth    +.........             (no amulet)
HPRegen  0.52/turn              (no ring)
MPRegen  0.08/turn              (no ring)

@: no status effects
A: large, unfitting armour, claws 3, fast metabolism 3, gourmand, regeneration
1, shaggy fur 1, tough skin 2
a: no special abilities


You were on level 3 of the Dungeon.
You were not hungry.

You visited 1 branch of the dungeon, and saw 3 of its levels.

You collected 78 gold pieces.

Inventory:

Hand Weapons
 a - a +0 flail (weapon)
Missiles
 g - 13 sling bullets
 h - 27 stones (quivered)
Armour
 b - a +0 robe (worn)
 c - a +0 shield (worn)
Jewellery
 i - an uncursed ring of poison resistance
Potions
 d - a potion of might
 e - a potion of ambrosia
Comestibles
 f - 3 rations
 k - 9 chunks of flesh


   Skills:
 + Level 2.7 Fighting
 * Level 3.1 Maces & Flails
 + Level 2.7 Dodging
 + Level 2.6 Shields


You had 2 spell levels left.
You didn't know any spells.

Dungeon Overview and Level Annotations

Branches:
Dungeon (3/15)

Altars:


Innate Abilities, Weirdness & Mutations

You are too large for most types of armour.
You have claws for hands.
Your metabolism is lightning-fast.
You like to eat raw meat.
Your natural rate of healing is unusually fast.
You are covered in fur. (AC +1)
You have very tough skin. (AC +2)


Message History

You kill the rat!
You block the bat's attack. The bat hits you but does no damage.
You block the quokka's attack. x2; The kobold hits you but does no damage.
The kobold barely misses you.
The quokka bites you but does no damage.
The quokka closely misses you.
As you read the scroll of identify, it crumbles to dust.
i - an uncursed ring of poison resistance You block the bat's attack.
The bat hits you.
* * * LOW HITPOINT WARNING * * *
The kobold closely misses you. You block the quokka's attack.
The kobold hits you.
* * * LOW HITPOINT WARNING * * *
The quokka bites you but does no damage.
You hit the kobold but do no damage. You block the bat's attack.
The bat hits you but does no damage. The quokka bites you.
* * * LOW HITPOINT WARNING * * *
You block the quokka's attack. You block the kobold's attack.
The kobold hits you but does no damage. The quokka bites you.
You die...

.# #........
...#.......#
#.#.......#
#.........#
..........### #
#.#.........#.#
.#.......b......
......br........
......gK@.S.....
.......r.K......
................
................
................
##..............
.#..........?..
..............


You could see an adder, 2 quokkas, a hobgoblin, 2 bats and 2 kobolds.

Vanquished Creatures
  An adder (D:2)
  3 gnolls (D:2)
  A worm (D:2)
  2 dart slugs (D:1)
  A ball python (D:2)
  A bat (D:1)
  A giant cockroach (D:1)
  4 goblins
  A hobgoblin (D:1)
  A kobold (D:1)
  A quokka (D:2)
  A frilled lizard (D:1)
  4 rats
22 creatures vanquished.

Notes
Turn   | Place    | Note
-------+----------+-------------------------------------------
     0 | D:1      | Fortress the Troll Fighter began the quest for the Orb.
     0 | D:1      | Reached XP level 1. HP: 22/22 MP: 0/0
   349 | D:1      | Reached skill level 2 in Maces & Flails
   492 | D:1      | Reached XP level 2. HP: 27/29 MP: 1/1
   911 | D:2      | Reached XP level 3. HP: 26/36 MP: 2/2
   938 | D:2      | Reached skill level 3 in Maces & Flails
   998 | D:3      | HP: 1/36 [kobold (1)]
   999 | D:3      | Slain by a quokka

Skill      XL: |  1  2  3 |
---------------+----------+-----
Maces & Flails | 2 3 |  3.1
Fighting       | |  2.7
Dodging        | |  2.7
Shields        | |  2.6

Action                   || total
-------------------------++-------
Melee: Flail             ||    94
  Use: Scroll            ||     2
       Potion            ||     1
  Eat: Chunk             ||     5
       Ration            ||     1
Armor: Robe              ||    59
Dodge: Dodged            ||    65
Block: Shield            ||    69
